 Dungeon Crawl Stone Soup version 0.31-a0-672-g7da72447bb (webtiles) character file.

Game seed: 4806396886678401876

2215 skirvin the Cleaver (level 9, -1/78 HPs)
             Began as a Minotaur Fighter on Sept 5, 2023.
             Was a Priest of Dithmenos.
             Succumbed to Duvessa's poison
             ... on level 7 of the Dungeon.
             The game lasted 00:30:39 (3441 turns).

skirvin the Cleaver (Minotaur Fighter)              Turns: 3441, Time: 00:30:40

Health: -1/78      AC: 20    Str: 32    XL:     9   Next: 13%
Magic:  8/8        EV:  8    Int:  5    God:    Dithmenos [***...]
Gold:   309        SH:  6    Dex: 15    Spells: 8/8 levels left

rFire   . . .        a - +0 war axe
rCold   . . .        c - +0 buckler
rNeg    . . .        e - +1 plate armour
rPois   .            (helmet restricted)
rElec   .            n - +2 cloak
rCorr   .            r - +0 pair of gloves
SInv    .            B - +0 pair of boots
Will    .....        p - amulet of the acrobat Stlth
                     t - +6 ring of dexterity
HPRegen 0.33/turn    o - +6 ring of strength
MPRegen 0.11/turn

%: acrobat
@: lethally poisoned (-1 -> -32), lit by a corona, glowing
A: horns 2, retaliatory headbutt
a: Renounce Religion, Shadow Step


You were on level 7 of the Dungeon.
You worshipped Dithmenos.
Dithmenos was most pleased with you.
You visited 1 branch of the dungeon, and saw 7 of its levels.

You collected 309 gold pieces.

Inventory:

Hand Weapons
 a - a +0 war axe (weapon)
Armour
 c - a +0 buckler (worn)
 e - a +1 plate armour (worn)
 n - a +2 cloak (worn)
 r - a +0 pair of gloves (worn)
 B - a +0 pair of boots (worn)
Magical Staves
 h - a staff of poison
Jewellery
 j - a ring of fire
 o - a +6 ring of strength (right hand)
 p - an amulet of the acrobat (around neck)
 t - a +6 ring of dexterity (left hand)
 A - a +6 ring of dexterity
Talismans
 x - a dragon-blood talisman
Scrolls
 f - 4 scrolls of teleportation
 i - 3 scrolls of identify
 l - a scroll of brand weapon {unknown}
 s - a scroll of blinking
 u - a scroll of fog {unknown}
 v - 2 scrolls of torment {unknown}
 y - a scroll of noise {unknown}
 z - a scroll of revelation {unknown}
Potions
 b - a potion of brilliance {unknown}
 d - a potion of might
 g - 2 potions of curing
 k - a potion of lignification {unknown}
 m - a potion of magic {unknown}
 q - a potion of invisibility {unknown}
 w - a potion of heal wounds {unknown}


   Skills:
 + Level 6.9 Fighting
 + Level 9.9 Axes
 + Level 7.2 Armour
 + Level 1.6 Dodging
 + Level 1.4 Stealth
 + Level 6.9 Shields


You had 8 spell levels left.
You didn't know any spells.
Your spell library contained the following spells:

 Spells                   Type           Power      Damage    Failure   Level
 Freeze                   Ice            0%         1d3       99%         1
 Frozen Ramparts          Ice            0%         1d1       100%        3
 Hailstorm                Conj/Ice       0%         3d3       100%        3


Dungeon Overview and Level Annotations

Branches:
Dungeon (7/15)
 Temple: D:4-7

Altars:
Ashenzari
Dithmenos
Ru

Shops:
D:6 *

Annotations:
D:7 Dowan


Innate Abilities, Weirdness & Mutations

You have a pair of horns on your head.
You reflexively headbutt those who attack you in melee.


Message History

Duvessa hits you but does no damage.
You are more poisoned.
Dowan casts a spell at you.
You are outlined in light.
You completely miss Duvessa.
Duvessa is almost dead.
You feel extremely sick. Duvessa hits you but does no damage.
You are lethally poisoned!
You block Duvessa's attack.
You hit Duvessa. You headbutt Duvessa.
Duvessa is almost dead.
You feel extremely sick. Duvessa hits you but does no damage.
You are more poisoned.
Duvessa hits you but does no damage.
You are more poisoned.
You barely miss Duvessa.
Duvessa is almost dead.
You slash Dowan!
* * * LOW HITPOINT WARNING * * *
You feel extremely sick.
Duvessa says, "Where magic fails, the sword succeeds!"
Duvessa hits you with a +3 short sword of venom.
* * * LOW HITPOINT WARNING * * *
You are more poisoned.
Dowan gestures at you while chanting.
The puff of frost hits you but does no damage.
You hit Duvessa.
You kill Duvessa!
Dithmenos accepts your kill.
Dowan screams, "No!
Oh no!"
Dowan seems to find hidden reserves of power!
You slash Dowan!
* * * LOW HITPOINT WARNING * * *
You feel extremely sick. Dowan hits you but does no damage.
You closely miss Dowan.
Dowan is almost dead.
You die...

.## ##.## ##...##
..# #...# #..#..#
#.###.#.###.###.#
#..#..#..#..# #.#
##...###...## #.#
#...# #...# #.#
##.## ##.##
#.###### ######
#######......#
......
.......@).###
..#.##
.......e.....#
.....
...............
.....
............###
.....
.<..........#
....
............#
....
....:.......#
.............


You could see Dowan (fast).

Vanquished Creatures
  The ghost of Brisketman the Digger, a novice GrEE of Hepliaklqana (D:6)
  Duvessa (D:7)
  An ice beast (D:6)
  An ogre (D:5)
  A centaur (D:6)
  4 phantoms
  A wyvern zombie (D:5)
  A water moccasin zombie (D:5)
  2 scorpions (D:6)
  A wyvern skeleton (D:5)
  3 bullfrog zombies (D:5)
  A centaur zombie (D:5)
  2 orc priests
  2 jellies (D:5)
  4 quasits (D:6)
  4 bullfrog skeletons (D:5)
  A hound (D:5)
  3 iguanas
  2 scorpion zombies (D:5)
  An orc wizard (D:6)
  2 killer bee zombies (D:5)
  A hound skeleton (D:5)
  12 gnolls
  6 adders
  A white imp (D:6)
  A worm (D:2)
  2 dart slugs
  5 orcs
  An endoplasm (D:1)
  3 giant cockroaches
  4 goblins
  3 hobgoblins
  3 kobolds
  A quokka (D:1)
  7 ball pythons
  4 bats
  A frilled lizard (D:2)
  4 rats
98 creatures vanquished.

Notes
Turn   | Place    | Note
-------+----------+-------------------------------------------
     0 | D:1      | skirvin the Minotaur Fighter began the quest for the Orb.
     0 | D:1      | Reached XP level 1. HP: 19/19 MP: 0/0
   270 | D:1      | Found a faded altar of an unknown god.
   291 | D:1      | Prayed at the altar of an unknown god.
   291 | D:1      | Became a worshipper of Dithmenos the Shadowed
   291 | D:1      | Reached * piety under Dithmenos
   667 | D:2      | Reached XP level 2. HP: 27/27 MP: 1/1
   803 | D:2      | Reached XP level 3. HP: 33/33 MP: 2/2
   825 | D:2      | Reached skill level 3 in Axes
   891 | D:2      | Reached XP level 4. HP: 40/40 MP: 3/3
  1155 | D:3      | Reached skill level 1 in Dodging
  1562 | D:4      | Reached ** piety under Dithmenos
  1576 | D:4      | Reached skill level 4 in Axes
  1576 | D:4      | Reached XP level 5. HP: 36/47 MP: 4/4
  1582 | D:4      | Reached skill level 5 in Armour
  1880 | D:4      | Noticed a phantom
  1886 | D:4      | Killed a phantom
  1887 | D:4      | Reached XP level 6. HP: 53/53 MP: 5/5
  2056 | D:5      | Entered Level 5 of the Dungeon
  2065 | D:5      | Reached skill level 5 in Axes
  2067 | D:5      | Reached skill level 1 in Stealth
  2138 | D:5      | Reached XP level 7. HP: 60/60 MP: 6/6
  2143 | D:5      | Reached skill level 5 in Shields
  2164 | D:5      | Reached skill level 5 in Fighting
  2164 | D:5      | Reached skill level 6 in Axes
  2188 | D:5      | Found a broken altar of Ashenzari.
  2516 | D:5      | Reached skill level 7 in Axes
  2546 | D:5      | Reached XP level 8. HP: 70/70 MP: 7/7
  2861 | D:6      | Reached *** piety under Dithmenos
  2865 | D:6      | Reached skill level 8 in Axes
  2871 | D:6      | Found Beazel's Assorted Antiques.
  2974 | D:6      | Found a transporter.
  2979 | D:6      | Noticed Brisketman's ghost (novice GrEE)
  2994 | D:6      | Found a transporter.
  3035 | D:6      | Killed Brisketman's ghost
  3036 | D:6      | Reached skill level 9 in Axes
  3250 | D:6      | Reached XP level 9. HP: 78/78 MP: 8/8
  3307 | D:6      | Found a sacrificial altar of Ru.
  3425 | D:7      | Noticed Duvessa
  3426 | D:7      | Noticed Dowan
  3440 | D:7      | Killed Duvessa
  3441 | D:7      | Succumbed to Duvessa's poison

Illustrated notes

Levels and vault maps discovered:
D:1:      elethiomel_arrival_quiet, layout_basic, serial_corexii_hall,
          corexii_hall_statues_i, corexii_hall_statues_i,
          corexii_hall_statues_s, corexii_hall_statues_l,
          shapermc_ecumenical_altar_starsandcircs
D:2:      layout_basic
D:3:      layout_basic, uniq_natasha
D:4:      layout_loops_cross
D:5:      layout_gridville, kennysheep_mini, serial_undead, serial_undead_e,
          serial_undead_b, serial_undead_e, serial_undead_d, serial_undead_e,
          serial_undead_c, serial_undead_f
D:6:      layout_loops_corners, nicolae_ru_great_annihilating_truth,
          gammafunk_ghost_stat_death, serial_shops, shop,
          hangedman_decor_growths, nicolae_underground_beach
D:7:      layout_rooms, nicolae_qazlal_beasts_of_the_sky, temple_statues,
          serial_curves, eino_curves_03, eino_curves_01, uniq_duvessa

Skill      XL: |  1  2  3  4  5  6  7  8 |
---------------+-------------------------+-----
Armour         | 4 5 6 7 |  7.2
Fighting       | 4 5 6 |  6.9
Shields        | 4 5 6 |  6.9
Axes           | 3 4 5 7 9 |  9.9
Dodging        | 1 |  1.6
Stealth        | 1 |  1.4

Action                     |  1- 3 |  4- 6 |  7- 9 || total
---------------------------+-------+-------+-------++-------
  Melee: War axe           |    36 |   100 |   139 ||   275
         Headbutt          |     3 |    19 |    29 ||    51
    Use: Scroll            |       |     4 |     2 ||     6
         Potion            |       |     1 |       ||     1
   Stab: Invisible         |       |       |     1 ||     1
 Armour: Scale mail        |    21 |    22 |       ||    43
         Plate armour      |       |    53 |   112 ||   165
  Dodge: Dodged            |    21 |    65 |    83 ||   169
  Block: Buckler           |     7 |    33 |    44 ||    84

Table legend: (Time is in decaauts)
 A = Elapsed time spent in this place.
 B = Non-inter-level travel time spent in this place.
 C = Inter-level travel time spent in this place.
 D = Time resting spent in this place.
 E = Time spent auto-exploring this place.
 F = Levels seen in this place.
 G = Mean time per level.
                   A        B        C        D        E       F      G
               +--------+--------+--------+--------+--------+-----+--------+
         Total |   3503 |   1059 |   2444 |    297 |      0 |   7 |  500.4 |
       Dungeon |   3503 |   1059 |   2444 |    297 |      0 |   7 |  500.4 |
               +--------+--------+--------+--------+--------+-----+--------+

Top non-repeatable levels by time:
     D:6: 678 daAuts
     D:5: 665 daAuts
     D:1: 620 daAuts
     D:4: 527 daAuts
     D:2: 505 daAuts
     D:3: 441 daAuts
     D:7: 64 daAuts
